 Dungeon Crawl Stone Soup version 0.27.1-1-g398f81649c (webtiles) character file.

Game seed: 9757858435119089048

1596 Naeght the Spear-Bearer (level 8, -2/51 HPs)
             Began as a Merfolk Gladiator on Sept 9, 2021.
             Was a Follower of Hepliaklqana.
             Killed from afar by an orc wizard (5 damage)
             ... with a puff of flame
             ... on level 6 of the Dungeon.
             The game lasted 00:09:05 (5285 turns).

Naeght the Spear-Bearer (Merfolk Gladiator)         Turns: 5285, Time: 00:09:05

Health: -2/51      AC: 12    Str: 16    XL:     8   Next: 93%
Magic:  8/8        EV: 11    Int:  7    God:    Hepliaklqana [*.....]
Gold:   174        SH:  0    Dex: 16    Spells: 7/7 levels left

rFire    . . .     SeeInvis .   a - +0 trident
rCold    + . .     Faith    .   (no shield)
rNeg     . . .     Spirit   .   m - +4 scale mail {rC+}
rPois    .         Reflect  .   c - +0 helmet
rElec    .         Harm     .   (no cloak)
rCorr    .         Rampage  .   (no gloves)
Will     .....                  (no boots)
Stlth    ..........             (no amulet)
HPRegen  0.17/turn              (no ring)
MPRegen  0.11/turn              (no ring)

@: no status effects
A: reduced essence, (nimble swimmer 2), mertail
a: Renounce Religion, Recall Ancestor, Ancestor Identity


You were on level 6 of the Dungeon.
You worshipped Hepliaklqana.
Hepliaklqana was aware of your devotion.
You visited 1 branch of the dungeon, and saw 6 of its levels.
You also visited: Sewer.

You collected 174 gold pieces.

Inventory:

Hand Weapons
 a - a +0 trident (weapon)
Missiles
 d - 3 throwing nets (quivered)
Armour
 c - a +0 helmet (worn)
 m - a +4 scale mail of cold resistance (worn)
 r - the +0 shadow dragon scales "Wiot" {Dex+4 Stlth++++}
   (You found it on level 4 of the Dungeon)

   Dex:       It affects your dexterity (+4).
   Stlth:     It makes you much more stealthy.
Jewellery
 g - a ring of see invisible
Wands
 o - a wand of acid (7)
Scrolls
 b - a scroll of amnesia {unknown}
 j - 4 scrolls of fog
 p - 3 scrolls of teleportation {unknown}
 q - a scroll of enchant weapon
 s - a scroll of enchant armour
 v - a scroll of acquirement {unknown}
 w - a scroll of magic mapping {unknown}
 x - 2 scrolls of fear {unknown}
 y - a scroll of summoning {unknown}
 A - a scroll of identify
Potions
 e - a potion of cancellation {unknown}
 f - a potion of attraction {unknown}
 h - 4 potions of flight {unknown}
 i - 4 potions of curing {unknown}
 k - 2 potions of brilliance {unknown}
 l - 2 potions of heal wounds {unknown}
 n - 2 potions of mutation {unknown}
 t - a potion of degeneration {unknown}
 u - a potion of might {unknown}
 z - 2 potions of invisibility {unknown}


   Skills:
 + Level 2.4 Fighting
 * Level 13.2 Polearms
 - Level 2.0 Throwing
 - Level 4.2 Armour
 + Level 4.0 Dodging
 + Level 0.1 Evocations


You had 7 spell levels left.
You didn't know any spells.
Your spell library contained the following spells:

 Spells                   Type           Power      Damage    Failure   Level
 Foxfire                  Conj/Fire      0%         2x1d4     85%         1
 Slow                     Hex            0%         N/A       94%         2
 Call Canine Familiar     Summ           0%         N/A       99%         3
 Confusing Touch          Hex            0%         N/A       99%         3
 Conjure Flame            Conj/Fire      0%         6-21      99%         3
 Inner Flame              Hex/Fire       0%         N/A       99%         3
 Portal Projectile        Hex/Tloc       0%         N/A       99%         3
 Vampiric Draining        Necr           0%         2d6       99%         3
 Leda's Liquefaction      Hex/Erth       0%         N/A       100%        4
 Blade Hands              Tmut           0%         N/A       100%        5
 Excruciating Wounds      Necr           0%         N/A       100%        5


Dungeon Overview and Level Annotations

Branches:
Dungeon (6/15)              Sewer (visited)
 Temple: D:4-7

Altars:
Hepliaklqana
Trog

Shops:
D:6 *:

Annotations:
D:4 Dowan
D:5 Eustachio


Innate Abilities, Weirdness & Mutations

Your life essence is reduced to manifest your ancestor. (-10% HP)
((You are quick and stealthy near water. (Stealth+, EV+, Speed+++)))
Your lower body shifts to a powerful aquatic tail in water.


Message History

You are too injured to fight recklessly!
You are too injured to fight recklessly!
You are too injured to fight recklessly!
You are too injured to fight recklessly!
You are too injured to fight recklessly!
You are too injured to fight recklessly!
You are too injured to fight recklessly!
You are too injured to fight recklessly!
You are too injured to fight recklessly!
You are too injured to fight recklessly!
You are too injured to fight recklessly!
You are too injured to fight recklessly!
You are too injured to fight recklessly!
You are too injured to fight recklessly!
You are too injured to fight recklessly!
You are too injured to fight recklessly!
You are too injured to fight recklessly!
You are too injured to fight recklessly!
You are too injured to fight recklessly!
You are too injured to fight recklessly!
You are too injured to fight recklessly!
You are too injured to fight recklessly!
You are too injured to fight recklessly!
You are too injured to fight recklessly!
You are too injured to fight recklessly!
Unknown command.
The orc warrior hits you with a +0 battleaxe!
* * * LOW HITPOINT WARNING * * *
Okay, then.
The kobold throws a stone.
The stone barely misses you. The orc warrior barely misses you.
The kobold throws a stone.
The kobold throws a stone.
An orc wizard appears from thin air!
Reactivating autopickup.
The orc wizard casts a spell at you.
The magic dart hits you but does no damage.
The orc wizard casts a spell at you. The puff of flame hits you.
You die...

##........# ...... #.........#
#....# #.........###### ##....#
#..........#...####.....#
##...##.........#.......#####
####...#.........###....##.....
##.###..#.........####....#.....
#....#...........###..#.........
#...............@.##oK.........#
#..............##.#..##.....####
...................o.#....#....#.
#...#...............###..)#....#.
#####..........#........K.oKo....
#.............#....###..###.#...
#...≈........ #..... ##..#K.#...
#............ ....... #.....K{..
#.§.∩.#.....#............###)...


You could see an orc wizard.

Vanquished Creatures
  A water moccasin (D:6)
  Duvessa (D:4)
  A hornet zombie (D:6)
  3 ogres
  3 kobold brigands (Sewer)
  A bullfrog (D:5)
  A water moccasin skeleton (D:5)
  A centaur zombie (D:5)
  4 hounds
  A centaur skeleton (D:4)
  2 orc priests
  A bullfrog skeleton (D:5)
  2 jellies
  2 iguanas
  Terence (D:2)
  Natasha (D:2)
  5 orc wizards
  5 adders
  An ufetubus (D:5)
  3 worms (Sewer)
  A dart slug (D:2)
  14 orcs
  8 ball pythons
  4 bats
  9 endoplasms
  7 giant cockroaches
  6 goblins
  4 hobgoblins
  7 jackals
  2 quokkas
  12 kobolds
  4 rats
118 creatures vanquished.

Vanquished Creatures (collateral kills)
  An adder (D:5)
1 creature vanquished.

Grand Total: 119 creatures vanquished

Notes
Turn   | Place    | Note
-------+----------+-------------------------------------------
     0 | D:1      | Naeght the Merfolk Gladiator began the quest for the Orb.
     0 | D:1      | Reached XP level 1. HP: 16/16 MP: 1/1
   158 | D:1      | Found a faded altar of an unknown god.
   958 | D:2      | Reached skill level 5 in Polearms
   958 | D:2      | Reached XP level 2. HP: 23/23 MP: 2/2
  1271 | D:2      | Reached XP level 3. HP: 28/28 MP: 3/3
  1284 | D:2      | Reached skill level 6 in Polearms
  1317 | D:2      | Noticed Natasha
  1324 | D:2      | Killed Natasha
  1582 | D:2      | Noticed Terence
  1589 | D:2      | Killed Terence
  1590 | D:2      | Reached skill level 7 in Polearms
  1590 | D:2      | Reached XP level 4. HP: 33/34 MP: 4/4
  2075 | D:3      | You fall into a shaft and drop 1 floor!
  2093 | D:4      | Reached XP level 5. HP: 35/39 MP: 5/5
  2177 | D:4      | Reached skill level 8 in Polearms
  2178 | D:4      | Found a hazy altar of Hepliaklqana.
  2210 | D:4      | Found a bloodstained altar of Trog.
  2230 | D:4      | Reached skill level 1 in Armour
  2255 | D:4      | Became a worshipper of Hepliaklqana the Forgotten
  2371 | D:4      | Reached XP level 6. HP: 42/46 MP: 6/6
  2420 | D:4      | Identified the +0 shadow dragon scales "Wiot" {Dex+4
                  | Stlth++++}
  2469 | D:4      | Reached skill level 9 in Polearms
  2498 | D:4      | Noticed Duvessa
  2516 | D:4      | Killed Duvessa
  2523 | D:4      | Noticed Dowan
  2879 | D:3      | Reached XP level 7. HP: 47/51 MP: 7/7
  2959 | D:3      | Reached skill level 10 in Polearms
  3574 | D:5      | Entered Level 5 of the Dungeon
  3575 | D:5      | Reached * piety under Hepliaklqana
  3804 | D:5      | Reached skill level 11 in Polearms
  3874 | D:5      | Noticed Eustachio
  3927 | D:6      | Found a glowing drain.
  3932 | D:6      | Reached XP level 8. HP: 47/51 MP: 8/8
  4273 | Sewer    | Entered a sewer
  4423 | Sewer    | Reached skill level 12 in Polearms
  4997 | D:6      | Found Voameaf's Book Shop.
  5012 | D:6      | Reached skill level 13 in Polearms
  5178 | D:6      | Found Gycwis's Elemental Accessories.
  5276 | D:6      | HP: 1/51 [orc warrior (8)]
  5285 | D:6      | Killed from afar by an orc wizard

Illustrated notes

Levels and vault maps discovered:
D:1:      nzn_arrival_depleted_hourglass, layout_basic,
          shapermc_ecumenical_altar_totnotflames
D:2:      layout_basic, uniq_terence, uniq_natasha
D:3:      layout_basic
D:4:      layout_rooms, mainiacjoe_overflow_catch_the_wave, uniq_duvessa
D:5:      layout_basic, uniq_sigmund, uniq_eustachio
D:6:      layout_cave_pools, serial_shops, nicolae_diamond_shop,
          nicolae_take_the_stairs, nicolae_square_shop,
          nicolae_shop_behind_doors, portal_sewer_entry_f,
          nicolae_elemental_shop, minmay_misc_feat_five, hex_medium

Skill      XL: |  1  2  3  4  5  6  7  8 |
---------------+-------------------------+-----
Polearms       | 5 7 8 9 11 13 | 13.2
Armour         | 1 2 3 4 |  4.2
Fighting       | |  2.4
Throwing       | |  2.0
Dodging        | |  4.0
Evocations     | |  0.1

Action                   |  1- 3 |  4- 6 |  7- 9 || total
-------------------------+-------+-------+-------++-------
Melee: Trident           |    74 |    96 |   299 ||   469
       Tailslap          |       |       |     9 ||     9
  Use: Scroll            |       |       |     5 ||     5
 Stab: Sleeping          |     3 |       |       ||     3
Armor: Leather armour    |    17 |       |       ||    17
       Scale mail        |       |    41 |   105 ||   146
Dodge: Dodged            |    27 |    35 |    94 ||   156
